TOP OF THE 1ST |
Wichita Outriders batting - Pitching for Brinkley Belugas : RHP Kirk Evans
|
Pitching: RHP Kirk Evans
|
|
Batting: SHB Ken Osborne
|
0-0: Called Strike 0-1: Ball 1-1: Foul Ball, location: 2F 1-2: Ball 2-2: SOLO HOME RUN (Flyball, 9LD), Distance : 345 ft
|
Batting: RHB Bobby Christopher
|
0-0: Swinging Strike 0-1: Foul Ball, location: 2F 0-2: Ball 1-2: Fly out, F8 (Flyball, 89XD)
|
Batting: LHB Denny Young
|
0-0: Ball 1-0: Fly out, F6 (Line Drive, 6)
|
Batting: LHB Lonnie Austin
|
0-0: Ball 1-0: DOUBLE (Line Drive, 7LS)
|
Batting: RHB Jim Unknown
|
0-0: Ball 1-0: Ball 2-0: Called Strike 2-1: Swinging Strike 2-2: Ball 3-2: Base on Balls
|
Batting: RHB Chris Green
|
0-0: Called Strike 0-1: Called Strike 0-2: SINGLE (Groundball, 56D) Lonnie Austin to third Jim Unknown to second Runner from 3rd tries for Home, SAFE, no throw or cutoff
|
Batting: LHB Mike Parker
|
0-0: Called Strike 0-1: Foul Ball, location: 2F 0-2: Foul Ball, location: 2F 0-2: Foul Ball, location: 2F 0-2: Strikes out looking
|
Top of the 1st over - 2 run(s), 3 hit(s), 0 error(s), 2 left on base; Wichita 2 - Brinkley 0 |
BOTTOM OF THE 1ST |
Brinkley Belugas batting - Pitching for Wichita Outriders : LHP Carl Dyess
|
Pitching: LHP Carl Dyess
|
|
Batting: RHB Juan Banda
|
0-0: Swinging Strike 0-1: SINGLE (Flyball, 9LS)
|
Batting: RHB Juan Díaz
|
0-0: Ball 1-0: Fielders Choice at 2nd, 6-4 (Groundball, 6)
|
Batting: RHB José Romano
|
0-0: Ball 1-0: Ball 2-0: Called Strike 2-1: Grounds into double play, 6-4-3 (Groundball, 6M)
|
Bottom of the 1st over - 0 run(s), 1 hit(s), 0 error(s), 0 left on base; Wichita 2 - Brinkley 0 |
TOP OF THE 2ND |
Wichita Outriders batting - Pitching for Brinkley Belugas : RHP Kirk Evans
|
Batting: RHB Jonah Moody
|
0-0: Ball 1-0: Called Strike 1-1: Ball 2-1: Foul Ball, location: 2F 2-2: Ball 3-2: SINGLE (Groundball, 6MD)
|
Batting: SHB Felipe González
|
0-0: Ball 1-0: Ball 2-0: Called Strike 2-1: Swinging Strike 2-2: Strikes out looking
|
Batting: SHB Ken Osborne
|
0-0: SINGLE (Groundball, 3D) Jonah Moody to second Runner from 2nd tries for 3rd, SAFE, throw made to third
|
Batting: RHB Bobby Christopher
|
0-0: Called Strike 0-1: Ball 1-1: Ball 2-1: Called Strike 2-2: Strikes out swinging
|
Batting: LHB Denny Young
|
0-0: SINGLE (Line Drive, 6D) Jonah Moody scores Ken Osborne to second
|
Batting: LHB Lonnie Austin
|
0-0: Ball 1-0: Called Strike 1-1: Foul Ball, location: 2F 1-2: SINGLE (Flyball, 4MD) Ken Osborne to third Denny Young to second Runner from 3rd tries for Home, SAFE, no throw or cutoff
|
Batting: RHB Jim Unknown
|
0-0: Called Strike 0-1: Ball 1-1: Ball 2-1: Reached on error, E5 (Groundball, 56) Denny Young to third Lonnie Austin to second
|
Batting: RHB Chris Green
|
0-0: Foul Ball, location: 2F 0-1: Ball 1-1: Ball 2-1: Foul Ball, location: 2F 2-2: Strikes out swinging
|
Top of the 2nd over - 2 run(s), 4 hit(s), 1 error(s), 3 left on base; Wichita 4 - Brinkley 0 |
BOTTOM OF THE 2ND |
Brinkley Belugas batting - Pitching for Wichita Outriders : LHP Carl Dyess
|
Batting: RHB Carlos Salinas
|
0-0: Called Strike 0-1: Ball 1-1: Swinging Strike 1-2: SINGLE (Groundball, 34D) (infield hit)
|
Batting: RHB Chris Ross
|
0-0: SINGLE (Groundball, 4M) Carlos Salinas to second
|
Batting: SHB Earl Holman
|
0-0: Fielders Choice at 2nd, 6-4 (Groundball, 6) Carlos Salinas to third
|
Batting: RHB Max Burke
|
0-0: Ball 1-0: Ball 2-0: SINGLE (Line Drive, 34D) Carlos Salinas scores Earl Holman to second
|
Batting: RHB Dave Nichols
|
0-0: 3-RUN HOME RUN (Flyball, 8LXD), Distance : 440 ft
|
Batting: RHB Alberto Morales
|
0-0: Called Strike 0-1: Foul Ball, location: 2F 0-2: Ball 1-2: Reached on error, E5 (Groundball, 5L)
|
Batting: RHB Juan Banda
|
0-0: Ball 1-0: Fielders Choice at 2nd, 4-6 (Groundball, 4)
|
Batting: RHB Juan Díaz
|
0-0: Foul Ball, location: 2F 0-1: Called Strike 0-2: Foul Ball, location: 2F 0-2: Fly out, F8 (Flyball, 8RM)
|
Bottom of the 2nd over - 4 run(s), 4 hit(s), 1 error(s), 1 left on base; Wichita 4 - Brinkley 4 |
TOP OF THE 3RD |
Wichita Outriders batting - Pitching for Brinkley Belugas : RHP Kirk Evans
|
Batting: LHB Mike Parker
|
0-0: Ball 1-0: Foul Ball, location: 2F 1-1: Swinging Strike 1-2: Ball 2-2: Ball 3-2: Strikes out swinging
|
Batting: RHB Jonah Moody
|
0-0: Called Strike 0-1: Ball 1-1: Ball 2-1: Ball 3-1: Foul Ball, location: 2F 3-2: Foul Ball, location: 2F 3-2: SINGLE (Line Drive, 89S)
|
Batting: SHB Felipe González
|
0-0: Grounds into double play, 6-4-3 (Groundball, 6)
|
Top of the 3rd over - 0 run(s), 1 hit(s), 0 error(s), 0 left on base; Wichita 4 - Brinkley 4 |
BOTTOM OF THE 3RD |
Brinkley Belugas batting - Pitching for Wichita Outriders : LHP Carl Dyess
|
Batting: RHB José Romano
|
0-0: Called Strike 0-1: Ball 1-1: SINGLE (Line Drive, 34)
|
Batting: RHB Carlos Salinas
|
0-0: Grounds into double play, 4-6-3 (Groundball, 4)
|
Batting: RHB Chris Ross
|
0-0: Called Strike 0-1: SINGLE (Line Drive, 78S)
|
Batting: SHB Earl Holman
|
0-0: Called Strike 0-1: Ball 1-1: Swinging Strike 1-2: Fly out, F7 (Flyball, 7M)
|
Bottom of the 3rd over - 0 run(s), 2 hit(s), 0 error(s), 1 left on base; Wichita 4 - Brinkley 4 |
TOP OF THE 4TH |
Wichita Outriders batting - Pitching for Brinkley Belugas : RHP Kirk Evans
|
Batting: SHB Ken Osborne
|
0-0: Called Strike 0-1: Ball 1-1: Ground out 4-3 (Groundball, 4M)
|
Batting: RHB Bobby Christopher
|
0-0: Called Strike 0-1: Foul Ball, location: 2F 0-2: Ball 1-2: Ball 2-2: Foul Ball, location: 2F 2-2: Ball 3-2: Strikes out swinging
|
Batting: LHB Denny Young
|
0-0: Foul Ball, location: 2F 0-1: Called Strike 0-2: Ball 1-2: Ball 2-2: Foul Ball, location: 2F 2-2: SINGLE (Flyball, 8RS)
|
Batting: LHB Lonnie Austin
|
0-0: Called Strike 0-1: Called Strike 0-2: Foul Ball, location: 2F 0-2: Ball 1-2: Ground out 5-3 (Groundball, 56)
|
Top of the 4th over - 0 run(s), 1 hit(s), 0 error(s), 1 left on base; Wichita 4 - Brinkley 4 |
BOTTOM OF THE 4TH |
Brinkley Belugas batting - Pitching for Wichita Outriders : LHP Carl Dyess
|
Batting: RHB Max Burke
|
0-0: Called Strike 0-1: Foul Ball, location: 2F 0-2: Ball 1-2: Foul Ball, location: 2F 1-2: Strikes out swinging
|
Batting: RHB Dave Nichols
|
0-0: Foul Ball, location: 2F 0-1: Fly out, F9 (Line Drive, 89M)
|
Batting: RHB Alberto Morales
|
0-0: Ball 1-0: Called Strike 1-1: Ground out 6-3 (Groundball, 6M)
|
Bottom of the 4th over - 0 run(s), 0 hit(s), 0 error(s), 0 left on base; Wichita 4 - Brinkley 4 |
TOP OF THE 5TH |
Wichita Outriders batting - Pitching for Brinkley Belugas : RHP Kirk Evans
|
Batting: RHB Jim Unknown
|
0-0: Ball 1-0: Ball 2-0: Called Strike 2-1: Foul Ball, location: 2F 2-2: Ball 3-2: Fly out, F4 (Popup, 34)
|
Batting: RHB Chris Green
|
0-0: Ball 1-0: Called Strike 1-1: Swinging Strike 1-2: Foul Ball, location: 2F 1-2: SINGLE (Groundball, 6S)
|
Batting: LHB Mike Parker
|
0-0: Foul Ball, location: 2F 0-1: Ground out 1-3 (Groundball, 13) Chris Green to second
|
Batting: RHB Jonah Moody
|
0-0: Ball 1-0: Called Strike 1-1: Foul Ball, location: 2F 1-2: Foul Ball, location: 2F 1-2: Ball 2-2: SINGLE (Groundball, 6MD) Chris Green to third
|
Pitching: RHP Ramón Molina
|
|
Batting: SHB Felipe González
|
0-0: Fly out, F4 (Popup, 4)
|
Top of the 5th over - 0 run(s), 2 hit(s), 0 error(s), 2 left on base; Wichita 4 - Brinkley 4 |
BOTTOM OF THE 5TH |
Brinkley Belugas batting - Pitching for Wichita Outriders : LHP Carl Dyess
|
Batting: RHB Juan Banda
|
0-0: Called Strike 0-1: Foul Ball, location: 2F 0-2: Strikes out swinging
|
Batting: RHB Juan Díaz
|
0-0: Ball 1-0: Foul Ball, location: 2F 1-1: SINGLE (Line Drive, 6M)
|
Batting: RHB José Romano
|
0-0: Called Strike 0-1: Called Strike 0-2: Ball 1-2: Foul Ball, location: 2F 1-2: Ball 2-2: Ball 3-2: Foul Ball, location: 2F 3-2: Base on Balls Juan Díaz to second
|
Batting: RHB Carlos Salinas
|
0-0: Ball 1-0: DOUBLE (Groundball, 3D) Juan Díaz scores José Romano to third
|
Pitching: RHP Santiago Hernández
|
|
Batting: RHB Chris Ross
|
0-0: DOUBLE (Line Drive, 9LS) José Romano scores Carlos Salinas scores
|
Batting: SHB Earl Holman
|
0-0: Called Strike 0-1: SINGLE (Line Drive, 8LS) Chris Ross to third
|
Batting: RHB Max Burke
|
0-0: Called Strike 0-1: Ball 1-1: Called Strike 1-2: SINGLE (Line Drive, 7S) Chris Ross scores Earl Holman to second
|
Batting: RHB Dave Nichols
|
0-0: Ball 1-0: Foul Ball, location: 2F 1-1: Swinging Strike 1-2: Ball 2-2: Foul Ball, location: 2F 2-2: Ball 3-2: DOUBLE (Line Drive, 9LS) Earl Holman scores Max Burke to third
|
Pinch Runner at 2nd Jean Pronk:
|
|
Batting: RHB Alberto Morales
|
0-0: Ground out 5-3 (Groundball, 56) Max Burke scores
|
Pitching: RHP Jim Unknown
|
|
Batting: RHB Juan Banda
|
0-0: Foul Ball, location: 2F 0-1: Ground out 4-3 (Groundball, 4M)
|
Bottom of the 5th over - 6 run(s), 6 hit(s), 0 error(s), 1 left on base; Wichita 4 - Brinkley 10 |
TOP OF THE 6TH |
Wichita Outriders batting - Pitching for Brinkley Belugas : RHP Ramón Molina
|
Now at 2B: Jean Pronk
|
|
Batting: SHB Ken Osborne
|
0-0: Ball 1-0: Ball 2-0: SINGLE (Line Drive, 34D)
|
Batting: RHB Bobby Christopher
|
0-0: Called Strike 0-1: Ball 1-1: Ball 2-1: Swinging Strike 2-2: Fly out, F9 (Flyball, 9LM)
|
Batting: LHB Denny Young
|
0-0: Called Strike Ken Osborne is caught stealing 2nd base 0-1: Foul Ball, location: 2F 0-2: Ball 1-2: Ball 2-2: Foul Ball, location: 2F 2-2: Strikes out swinging
|
Top of the 6th over - 0 run(s), 1 hit(s), 0 error(s), 0 left on base; Wichita 4 - Brinkley 10 |
BOTTOM OF THE 6TH |
Brinkley Belugas batting - Pitching for Wichita Outriders : RHP Jim Unknown
|
Batting: RHB Juan Díaz
|
0-0: Ball 1-0: Ball 2-0: Called Strike 2-1: Ball 3-1: Called Strike 3-2: Base on Balls
|
Batting: RHB José Romano
|
0-0: Foul Ball, location: 2F 0-1: Called Strike Juan Díaz steals 2nd base 0-2: Strikes out looking
|
Batting: RHB Carlos Salinas
|
0-0: Ball 1-0: Foul Ball, location: 2F 1-1: Ball 2-1: Swinging Strike 2-2: SINGLE (Groundball, 56) (infield hit) Juan Díaz to third
|
Batting: RHB Chris Ross
|
0-0: Hit by Pitch Carlos Salinas to second
|
Batting: SHB Earl Holman
|
0-0: Ball 1-0: Foul Ball, location: 2F 1-1: Ball 2-1: Foul Ball, location: 2F 2-2: Ball 3-2: Foul Ball, location: 2F 3-2: Foul Ball, location: 2F 3-2: DOUBLE (Line Drive, 7LD) Juan Díaz scores Carlos Salinas scores Chris Ross to third
|
Pitching: RHP Roberto Valenzuela
|
|
Batting: RHB Max Burke
|
0-0: Called Strike 0-1: Called Strike 0-2: Strikes out swinging
|
Batting: RHB Jean Pronk
|
0-0: Called Strike 0-1: Swinging Strike 0-2: Foul Ball, location: 2F 0-2: Strikes out swinging
|
Bottom of the 6th over - 2 run(s), 2 hit(s), 0 error(s), 2 left on base; Wichita 4 - Brinkley 12 |
TOP OF THE 7TH |
Wichita Outriders batting - Pitching for Brinkley Belugas : RHP Ramón Molina
|
Now at C: James Peterson
|
|
Batting: LHB Lonnie Austin
|
0-0: Called Strike 0-1: Reached on Error, E9 (Flyball, 9M)
|
Batting: RHB Jim Unknown
|
0-0: Called Strike 0-1: Ground out 5-3 (Groundball, 56S) Lonnie Austin to second
|
Batting: RHB Chris Green
|
0-0: Foul Ball, location: 2F 0-1: Ball 1-1: Called Strike 1-2: Ball 2-2: Ball 3-2: Strikes out swinging
|
Batting: LHB Mike Parker
|
0-0: Foul Ball, location: 2F 0-1: Ball 1-1: Ball 2-1: Foul Ball, location: 2F 2-2: Strikes out swinging
|
Top of the 7th over - 0 run(s), 0 hit(s), 1 error(s), 1 left on base; Wichita 4 - Brinkley 12 |
BOTTOM OF THE 7TH |
Brinkley Belugas batting - Pitching for Wichita Outriders : RHP Roberto Valenzuela
|
Batting: RHB Alberto Morales
|
0-0: Called Strike 0-1: Called Strike 0-2: Ball 1-2: Strikes out swinging
|
Batting: RHB Juan Banda
|
0-0: Called Strike 0-1: Swinging Strike 0-2: SINGLE (Groundball, 6MD)
|
Batting: RHB Juan Díaz
|
0-0: Swinging Strike 0-1: Foul Ball, location: 2F 0-2: Ball 1-2: Strikes out looking
|
Batting: RHB James Peterson
|
0-0: Called Strike 0-1: Ball 1-1: Called Strike Juan Banda steals 2nd base 1-2: Foul Ball, location: 2F 1-2: 2-RUN HOME RUN (Line Drive, 7LD), Distance : 360 ft
|
Batting: RHB Carlos Salinas
|
0-0: Called Strike 0-1: Ball 1-1: SINGLE (Groundball, 56)
|
Pitching: LHP Jim Unknown
|
|
Batting: RHB Chris Ross
|
0-0: Ball 1-0: Called Strike 1-1: Called Strike 1-2: Ball 2-2: Foul Ball, location: 2F 2-2: Ball 3-2: Foul Ball, location: 2F 3-2: Strikes out swinging
|
Bottom of the 7th over - 2 run(s), 3 hit(s), 0 error(s), 1 left on base; Wichita 4 - Brinkley 14 |
TOP OF THE 8TH |
Wichita Outriders batting - Pitching for Brinkley Belugas : RHP Ramón Molina
|
Pitching: RHP Lou Lowry
|
|
Batting: RHB Jonah Moody
|
0-0: Ground out 2-3 (Groundball, 2R)
|
Batting: SHB Felipe González
|
0-0: DOUBLE (Flyball, 89M)
|
Batting: SHB Ken Osborne
|
0-0: Ball 1-0: Ball 2-0: DOUBLE (Groundball, 3L) Felipe González scores
|
Batting: RHB Bobby Christopher
|
0-0: Ball 1-0: SINGLE (Line Drive, 34D) Ken Osborne to third Runner from 3rd tries for Home, SAFE, throw made home
|
Batting: LHB Denny Young
|
0-0: Grounds out, U3 (Groundball, 3L)
|
Batting: LHB Lonnie Austin
|
0-0: Ball 1-0: Fly out, F8 (Line Drive, 8LM)
|
Top of the 8th over - 2 run(s), 3 hit(s), 0 error(s), 1 left on base; Wichita 6 - Brinkley 14 |
BOTTOM OF THE 8TH |
Brinkley Belugas batting - Pitching for Wichita Outriders : LHP Jim Unknown
|
Batting: SHB Earl Holman
|
0-0: Ball 1-0: Ball 2-0: SINGLE (Groundball, 56D)
|
Batting: RHB Max Burke
|
0-0: Ball 1-0: Called Strike 1-1: Foul Ball, location: 2F 1-2: Strikes out swinging
|
Batting: RHB Jean Pronk
|
0-0: Ball 1-0: Ball 2-0: Ball 3-0: Called Strike 3-1: Swinging Strike 3-2: Strikes out looking
|
Batting: RHB Alberto Morales
|
0-0: Fly out, F9 (Flyball, 9LD)
|
Bottom of the 8th over - 0 run(s), 1 hit(s), 0 error(s), 1 left on base; Wichita 6 - Brinkley 14 |
TOP OF THE 9TH |
Wichita Outriders batting - Pitching for Brinkley Belugas : RHP Lou Lowry
|
Batting: RHB Jim Unknown
|
0-0: Ball 1-0: Foul Ball, location: 2F 1-1: Ball 2-1: Ball 3-1: Swinging Strike 3-2: Strikes out looking
|
Batting: RHB Chris Green
|
0-0: Ground out 5-3 (Groundball, 56)
|
Batting: LHB Mike Parker
|
0-0: Ball 1-0: Foul Ball, location: 2F 1-1: Ground out 2-3 (Groundball, 25)
|
Top of the 9th over - 0 run(s), 0 hit(s), 0 error(s), 0 left on base; Wichita 6 - Brinkley 14 |
|